 Dungeon Crawl Stone Soup version 0.18.1-8-gdd0e5ea (webtiles) character file.

829847 M4edhros the Executioner (level 27, -2/228 HPs)
             Began as a Minotaur Berserker on May 20, 2016.
             Was the Champion of Cheibriados.
             Killed by the air
             ... invoked by a blizzard demon
              (11 damage)
             ... in Pandemonium on May 21, 2016.
             The game lasted 03:57:57 (38310 turns).

M4edhros the Executioner (Minotaur Berserker)      Turns: 38310, Time: 03:57:57

Health: -2/228     AC: 32    Str: 43      XL:     27
Magic:  29/38      EV: 38    Int: 19 (20) God:    Cheibriados [******]
Gold:   4066       SH: 32    Dex: 38      Spells: 8 memorised, 0 levels left

rFire  + + .     SeeInvis .     u - +11 broad axe of Fyadacw {chop, rPois MR+ MP+9}
rCold  x . .     Gourm    .     H - +2 fire dragon armour of Ineeqess {rF++ rC- Dex+2 Stlth+}
rNeg   . . .     Faith    .     f - +2 large shield {reflect}
rPois  +         Spirit   .     m - +2 hat {MR+}
rElec  +         Dismiss  .     T - +2 cloak
rCorr  .         Reflect  +     k - +2 pair of gloves {Dex+3}
SustAt .         Harm     .     Q - +2 pair of boots "Veduengu" {rPois rF- MR++ Regen+}
MR     +++++     Clarity  +     I - amulet "Vegeos Itiu" {rElec Regen+ Str+4}
Stlth  ++........               n - ring of Shaolin {EV+8}
                                l - ring "Musiaf" {rPois rF+}

@: very slow, almost entirely resistant to hostile enchantments, unstealthy
A: retaliatory headbutt, hooves 1, horns 2, yellow scales 2, blink, blurry
vision 1, clarity, deterioration 2, frail 1, low mp 1, magic resistance 1, weak
1, evolution 1, MP-powered wands
a: Blink, Bend Time, Temporal Distortion, Slouch, Step From Time, Renounce
Religion
}: 5/15 runes: decaying, slimy, silver, abyssal, gossamer


You were in Pandemonium.
You worshipped Cheibriados.
Cheibriados was exalted by your worship.
You were not hungry.

You visited 12 branches of the dungeon, and saw 61 of its levels.
You visited Pandemonium 1 time, and saw 2 of its levels.
You visited the Abyss 1 time.
You visited 1 ziggurat, and saw 14 of its levels.
You also visited: Labyrinth, Sewer and Ice Cave.

You collected 7131 gold pieces.
You spent 2843 gold pieces at shops.

Inventory:

Hand Weapons
 u - the +11 broad axe of Fyadacw (weapon) {chop, rPois MR+ MP+9}
   (You found it on level 8 of the Lair of Beasts)

   It inflicts extra damage upon your enemies.
   It protects you from poison.
   It affects your resistance to hostile enchantments.
   It affects your magic capacity (+9).
 z - a +9 blowgun
Missiles
 G - 23 curare-tipped needles
 L - 6 steel javelins (quivered)
Armour
 f - a +2 large shield of reflection (worn)
 i - a +2 large shield of positive energy
 k - a +2 pair of gloves of dexterity (worn)
 m - a +2 hat of magic resistance (worn)
 H - the +2 fire dragon armour of Ineeqess (worn) {rF++ rC- Dex+2 Stlth+}
   (You found it on level 4 of the Realm of Zot)

   It affects your dexterity (+2).
   It greatly protects you from fire.
   It makes you vulnerable to cold.
   It makes you more stealthy.
 O - a +2 ice dragon armour
 Q - the +2 pair of boots "Veduengu" (worn) {rPois rF- MR++ Regen+}
   (You found it on level 5 of the Vaults)

   It makes you vulnerable to fire.
   It protects you from poison.
   It affects your resistance to hostile enchantments.
   It increases your rate of regeneration.
 T - a +2 cloak (worn)
 W - a +5 shield of reflection
Jewellery
 l - the ring "Musiaf" (left hand) {rPois rF+}
   (You found it on level 10 of a ziggurat)

   [ring of poison resistance]

   It protects you from fire.
   It protects you from poison.
 n - the ring of Shaolin (right hand) {EV+8}
   (You found it on level 3 of the Crypt)

   [ring of evasion]

   It affects your evasion (+8).
 I - the amulet "Vegeos Itiu" (around neck) {rElec Regen+ Str+4}
   (You found it on level 5 of a ziggurat)

   [amulet of regeneration]

   It affects your strength (+4).
   It insulates you from electricity.
   It increases your rate of regeneration.
 R - the ring of Usameh {rC+ MR+ SInv}
   (You found it on level 2 of a ziggurat)

   [ring of see invisible]

   It protects you from cold.
   It affects your resistance to hostile enchantments.
   It lets you see invisible.
Wands
 b - a wand of heal wounds (3/9)
 F - a wand of teleportation (5/9)
 P - a wand of disintegration (3/24)
 V - a wand of slowing (24/48)
 Y - a wand of teleportation (4/9)
Scrolls
 h - 5 scrolls of magic mapping
 r - 11 scrolls of fear
 v - 9 scrolls of teleportation
 w - 6 scrolls of recharging
 y - 4 scrolls of fog
 Z - 8 scrolls of identify
Potions
 d - 3 potions of heal wounds
 e - 4 potions of invisibility
 g - 12 potions of curing
 t - 3 potions of magic
 A - 2 potions of might
 M - 2 potions of ambrosia
 N - 2 potions of resistance
 X - 2 potions of cancellation
Miscellaneous
 a - a phantom mirror
 o - a lamp of fire
 s - a box of beasts {used: 1}
 x - a phial of floods
 E - a fan of gales
 U - a sack of spiders {used: 2}
Comestibles
 c - 21 bread rations
 j - 5 chunks of flesh
 p - a beef jerky
 J - 37 fruits


   Skills:
 - Level 22.2 Fighting
   Level 2.8 Short Blades
 - Level 22.7 Axes
 - Level 17.6 Armour
 - Level 14.7 Dodging
 * Level 22.3 Shields
 - Level 4.3 Spellcasting
 - Level 2.6 Hexes
 - Level 8.6 Charms
 - Level 7.4 Summonings
 - Level 10.6 Necromancy
 - Level 7.3 Translocations
 - Level 15.6 Transmutations
 - Level 10.1 Air Magic
 - Level 16.3 Earth Magic
 - Level 7.5 Invocations
 * Level 14.7 Evocations


You couldn't memorise any spells.
You knew the following spells:

 Your Spells              Type           Power        Failure   Level  Hunger
a - Spectral Weapon       Hex/Chrm       ####....     10%         3    ###....
b - Aura of Abjuration    Summ           ####......   38%         5    ######.
c - Deflect Missiles      Chrm/Air       #####.....   91%         6    #######
d - Statue Form           Trmt/Erth      ######...    8%          6    #######
e - Summon Forest         Summ/Tloc      ####......   45%         5    ######.
f - Animate Dead          Necr           N/A          4%          4    ####...
g - Repel Missiles        Chrm/Air       #####.       1%          2    #......
r - Regeneration          Chrm/Necr      #####.....   1%          3    ###....


Dungeon Overview and Level Annotations

Branches:
Dungeon (15/15)              Lair (8/8) D:11          Swamp (4/4) Lair:5
 Spider (4/4) Lair:5        Slime (6/6) Lair:6          Orc (2/2) D:10
    Elf (3/3) Orc:2        Vaults (5/5) D:14          Crypt (3/3) Vaults:2
   Tomb (0/3) Crypt:3      Depths (5/5) D:15           Hell (1/1)
    Geh (0/7) Hell            Zot (5/5) Depths:5
 Temple: D:4-7          Dis: Hell:1         Coc: Hell:1         Tar: Hell:1

Altars:
Ashenzari
Cheibriados
Dithmenos
Fedhas
Makhleb
Sif Muna
Trog
Vehumet
Yredelemnul
The Shining One
Beogh

Shops:
D:8 (   D:11 }   Orc:2 ?*![   Elf:3 !   Vaults:4 %?:   Vaults:5 ?   Depths:5 ?

Portals:
Hell: Depths:2 Depths:3 Depths:4 Depths:5
Abyss: Depths:1 Depths:4
Pandemonium: Depths:3

Annotations:
D:6 exclusion: statue
Lair:7 BenSoosneb's ghost, journeyman MfGl
Hell exclusion: 2 ice statues, Murray


Innate Abilities, Weirdness & Mutations

You reflexively headbutt those who attack you in melee.
You have a pair of horns on your head.
You have large cloven feet.
You are mostly covered in yellow scales (AC +3).
You can translocate small distances at will.
Scrolls take you a little longer to read.
You possess an exceptional clarity of mind.
Your body often deteriorates upon taking damage.
You are frail (-10% HP).
Your magical capacity is low (-10% MP).
You are resistant to hostile enchantments.
You are weak. (Str -2)
You evolve.
You expend magic power (3 MP) to strengthen your wands.


Message History

Cheibriados thoroughly appreciates the change of pace.
You kill the hellion!
Cheibriados thoroughly appreciates the change of pace.
You kill the hellion!
Cheibriados appreciates the change of pace.
You kill the hellion!
Cheibriados thoroughly appreciates the change of pace.
You kill the hellion!
Cheibriados thoroughly appreciates the change of pace.
You kill the hellion!
Cheibriados thoroughly appreciates the change of pace.
You feel your dexterity returning.
You kill the hellion!
Cheibriados appreciates the change of pace.
You kill the hellion!
Cheibriados appreciates the change of pace.
You feel somewhat more hungry.
The blizzard demon waves its arms in wide circles.
The air twists around and strikes you!
You die...

#.#.§§§§§≈≈§§≈.
#...§§≈§§.§≈≈§.
#..≈≈≈≈...≈≈≈≈≈
#.≈≈§§.....≈≈≈§
#.≈≈§..}.}..≈≈≈
#.≈≈≈...φ....≈≈
#§≈≈..∩.&...≈≈
#.§≈≈≈@...≈≈≈≈
#.§2≈≈...≈§≈≈≈
#.≈≈§≈≈.≈≈≈≈≈.
##.≈§§≈≈≈≈≈≈≈.
#..≈§§≈§≈≈§..
##...≈§≈§....
##..≈§≈.....
######....#


You could see Qojokoun and a blizzard demon.

Vanquished Creatures
  the Royal Jelly (Slime:6)
  Mara (Elf:3)
  4 orbs of fire (Zot:5)
  Mennas (Vaults:4)
  2 ancient liches
  The ghost of IjonTichy1 the Hoplite, a legendary OpBe of the Shining One (Zig:8)
  2 juggernauts
  3 greater mummies
  Sojobo (Depths:1)
  Boris (Depths:3)
  Frederick (Vaults:4)
  Margery (Vaults:4)
  4 Killer Klowns
  6 curse toes
  Geryon (Hell)
  Saint Roka (Elf:3)
  10 caustic shrikes
  11 golden dragons
  The ghost of pedritolo the Severer, an adept MiBe of Trog (Crypt:1)
  3 iron giants
  A pandemonium lord (Pan)
  A profane servitor (Crypt:3)
  2 bone dragons (Zot:3)
  Nikola (Elf:3)
  Arachne (Spider:4)
  4 electric golems
  Jorgrun (Depths:1)
  2 Brimstone Fiends (Zig:10)
  2 Hell Sentinels
  10 tentacled monstrosities
  3 titans
  A titan (shapeshifter) (Depths:4)
  A quicksilver dragon (Vaults:5)
  A deep elf blademaster (Elf:3)
  12 liches
  11 Orb Guardians (Zot:5)
  18 acid blobs
  A deep elf master archer (Elf:3)
  2 tentacled starspawn (Abyss:3)
  Agnes (D:15)
  9 sphinxes
  2 ancient champions
  19 storm dragons
  12 death cobs
  2 revenants (Vaults:2)
  A thorn hunter (Swamp:3)
  An azure jelly (shapeshifter) (Zig:6)
  3 warmongers (Pan)
  13 shadow dragons
  11 tengu reavers
  8 azure jellies
  7 greater nagas
  14 fire giants
  9 draconian knights
  2 iron dragons (Vaults:5)
  3 draconian monks
  9 deep elf sorcerers
  A ghost moth (shapeshifter) (Vaults:5)
  A frost giant (shapeshifter) (Zig:6)
  3 emperor scorpions
  16 frost giants
  15 vault wardens
  3 orc warlords
  6 draconian zealots
  8 draconian scorchers
  3 ghost moths
  6 deep elf elementalists
  2 caustic shrike zombies
  2 curse skulls (Crypt:3)
  3 balrugs
  3 spriggan defenders
  4 draconian annihilators
  7 ghouls
  11 ironheart preservers
  30 stone giants
  7 draconian shifters
  A juggernaut skeleton (Zig:10)
  2 war gargoyles
  4 reapers
  3 corrupters (Pan)
  A blood saint (Pan)
  A stone giant (shapeshifter) (Zig:6)
  24 very ugly things
  13 black draconians
  4 salamander stormcallers
  4 draconian callers
  8 vampire knights
  6 deep elf demonologists
  The ghost of Zebulonius the Executioner, a journeyman MiBe of Trog (Lair:6)
  11 yellow draconians
  9 green draconians
  10 deep elf annihilators
  A lorocyproca (Depths:4)
  16 purple draconians
  2 bennus (Zig:9)
  A dire elephant (Lair:8)
  9 red draconians
  7 spark wasps
  9 mottled draconians
  2 chaos champions
  2 black suns (Pan)
  16 ettins
  9 white draconians
  A quicksilver dragon zombie (Crypt:1)
  Snorg (D:14)
  4 blizzard demons
  39 vault guards
  4 green deaths
  7 deep elf death magi
  7 eidola (Crypt:3)
  A mummy priest (Zig:9)
  12 death oozes (Slime:6)
  A minotaur (Lab)
  Josephine (D:14)
  10 yaktaur captains
  A crystal guardian (Vaults:3)
  3 rakshasas
  8 jiangshi
  27 fire dragons
  19 great orbs of eyes
  5 naga warriors
  4 hell beasts
  4 entropy weavers
  5 ghost crabs
  6 deep elf high priests
  Harold (D:12)
  22 ice dragons
  4 monstrous demonspawn (Pan)
  18 hydras
  2 catoblepae
  12 centaur warriors
  5 spriggan air magi
  5 alligators
  3 anacondas (Zig:11)
  A queen ant (Spider:2)
  2 hell hogs (Hell)
  3 tengu warriors
  4 death knights
  6 deep troll earth magi
  5 vampire magi
  17 ogre magi
  8 dancing weapons
  9 deep troll shamans
  3 titan zombies
  5 death yaks (Lair:8)
  3 naga sharpshooters (Zig:11)
  2 orc high priests
  4 thrashing horrors (Abyss:3)
  A fire crab (Vaults:5)
  10 spriggan berserkers
  4 shock serpents
  4 wretched stars (Abyss:3)
  10 deep elf knights
  A hellephant skeleton (Crypt:2)
  15 sun demons
  12 soul eaters
  A fire crab (shapeshifter) (Depths:3)
  A spark wasp zombie (Zig:10)
  3 shadow wraiths
  A storm dragon zombie (Crypt:3)
  3 iron trolls
  A salamander mystic (Zig:8)
  23 skeletal warriors
  A sea snake (Zig:1)
  4 giant orange brains
  2 large abominations
  17 deep trolls
  21 hell knights
  3 infernal demonspawn (Pan)
  7 flayed ghosts
  10 swamp dragons
  A deep troll (shapeshifter) (Depths:4)
  A torturous demonspawn (Pan)
  5 naga magi
  A death drake (shapeshifter) (Depths:3)
  An obsidian statue (Zig:11)
  11 deep elf archers
  4 spriggan druids
  4 unseen horrors
  A shambling mangrove (Swamp:2)
  7 hill giants
  A wolf spider zombie (D:14)
  13 harpies
  73 ugly things
  16 ironbrand convokers
  4 orc knights
  A harpy (shapeshifter) (Depths:3)
  22 phantasmal warriors
  An iron dragon zombie (Zig:9)
  A sphinx zombie (Zig:4)
  2 anubis guards
  11 necromancers
  10 wizards
  11 orb spiders
  2 fire giant zombies
  2 shining eyes
  A faun (shapeshifter) (D:15)
  2 shadow dragon zombies
  A salamander (Zig:11)
  A hornet (shapeshifter) (Vaults:5)
  22 wolf spiders
  3 oklob plants (Zig:12)
  A shadow dragon skeleton (Zig:10)
  A manticore (D:14)
  2 mana vipers
  7 cyclopes
  2 orc sorcerers
  26 moths of wrath
  39 deep elf magi
  A mana viper (shapeshifter) (Elf:3)
  6 hornets
  3 frost giant zombies
  A manticore (shapeshifter) (Vaults:5)
  Maurice (Orc:1)
  3 griffons
  A worldbinder (Abyss:3)
  13 black mambas
  11 vault sentinels
  3 rust devils
  Joseph (D:7)
  2 apocalypse crabs (Abyss:3)
  3 elephants (Lair:8)
  2 ice statues (IceCv)
  2 guardian serpents
  A guardian serpent (shapeshifter) (Zig:6)
  A dire elephant zombie (Crypt:3)
  A black mamba (shapeshifter) (Vaults:4)
  9 smoke demons
  4 torpor snails
  A spiny frog (shapeshifter) (Zig:12)
  Psyche (D:12)
  A dire elephant skeleton (Crypt:1)
  16 spiny frogs
  5 centaur skeletons
  4 gargoyles
  5 kobold demonologists
  10 komodo dragons
  A rime drake (Lair:7)
  14 demonic crawlers
  29 yaktaurs
  21 hellions
  2 rime drakes (shapeshifter) (Vaults:2)
  A yaktaur zombie (Zig:2)
  4 emperor scorpion zombies
  A komodo dragon (shapeshifter) (Vaults:4)
  10 freezing wraiths
  An anaconda simulacrum (IceCv)
  A spriggan skeleton (Zig:4)
  A hydra zombie (Crypt:3)
  3 guardian mummies
  3 ancient zymes (Abyss:3)
  8 ice devils
  24 jumping spiders
  2 queen bees
  5 tengu conjurers
  A yaktaur skeleton (Vaults:5)
  5 giant leeches
  12 red devils
  A minotaur zombie (Hell)
  A harpy zombie (Crypt:1)
  2 polar bears (shapeshifter)
  A troll (shapeshifter) (Vaults:4)
  A sea snake skeleton (Crypt:1)
  3 polar bears
  34 two-headed ogres
  7 trolls
  5 merfolk (Zig:1)
  A jumping spider (shapeshifter) (Vaults:4)
  A raiju (shapeshifter) (Elf:3)
  4 raiju (Abyss:3)
  6 bog bodies
  An ettin zombie (Hell)
  103 slime creatures
  3 boulder beetles
  An ice dragon zombie (Crypt:3)
  3 ushabtiu (Crypt:3)
  23 blink frogs
  4 flying skulls
  48 redbacks
  2 centaur simulacra
  A shock serpent simulacrum (Hell)
  A dire elephant simulacrum (IceCv)
  4 ynoxinuls
  2 air elementals (Depths:4)
  7 spriggans
  An ice dragon skeleton (Abyss:3)
  2 yaks (shapeshifter)
  6 water elementals
  16 tarantellas
  2 wyverns
  14 wraiths
  2 vampires
  Eustachio (D:5)
  3 fire elementals
  18 humans (D:14)
  47 yaks
  8 shadows
  4 golden eyes
  4 hippogriffs
  20 vampire mosquitoes
  A fire bat (shapeshifter) (Vaults:2)
  A basilisk (shapeshifter) (Vaults:2)
  A hippogriff (shapeshifter) (Depths:4)
  4 neqoxecs (Pan)
  2 chaos spawn
  A hungry ghost (D:12)
  2 basilisks
  An emperor scorpion simulacrum (Hell)
  An elf simulacrum (Depths:4)
  A mottled dragon (D:14)
  A naga (Zig:8)
  8 swamp worms
  3 wargs
  An insubstantial wisp (Zig:13)
  A warg (shapeshifter) (Vaults:3)
  4 harpy simulacra (IceCv)
  A human zombie (Zig:10)
  30 soldier ants
  A merfolk zombie (Crypt:3)
  7 water moccasins
  5 hell hounds
  4 hydra simulacra
  14 porcupines
  A giant eyeball (shapeshifter) (Vaults:3)
  14 orc warriors
  A porcupine (shapeshifter) (Vaults:2)
  9 wasps
  5 sky beasts
  2 phantoms
  A snapping turtle zombie (Crypt:3)
  17 swamp drakes
  13 necrophages (Crypt:3)
  8 black bears
  An ice beast (D:9)
  A blink frog skeleton (Crypt:2)
  2 ettin simulacra
  17 centaurs
  7 eyes of draining
  50 ogres
  9 boggarts
  5 wolves (Lair:8)
  A big kobold (shapeshifter) (Depths:2)
  4 big kobolds
  14 crocodiles
  An elf zombie (Crypt:3)
  12 giant frogs
  7 earth elementals
  5 scorpions
  9 wyvern skeletons
  39 killer bees
  2 spriggan zombies
  5 wights (D:13)
  10 howler monkeys
  3 electric eels
  7 crimson imps
  2 giant frog zombies
  3 centaur zombies
  2 quasits
  7 hounds
  30 jellies
  17 orc priests
  18 orc wizards
  3 giant frog skeletons
  20 worker ants
  4 iguanas
  A killer bee zombie (Crypt:1)
  18 sheep
  An ogre zombie (Crypt:2)
  An ogre skeleton (Hell)
  A hound skeleton (D:10)
  9 mummies
  2 worker ant zombies
  5 adders
  52 river rats
  3 shadow imps
  2 white imps
  5 oozes
  5 worms (Sewer)
  2 giant geckos
  59 orcs
  A bat skeleton (Crypt:2)
  A giant cockroach (D:5)
  2 goblins
  A hobgoblin (D:2)
  4 jackals (D:9)
  5 quokkas
  2 giant newts
  23 kobolds
  A kobold zombie (Crypt:3)
  3 rats (Sewer)
  2 crawling corpses (Elf:3)
  A fire vortex (Vaults:4)
  7 fungi
  9 plants
  2 starspawn tentacles (Abyss:3)
  6 withered plants (Crypt:3)
2745 creatures vanquished.

Vanquished Creatures (collateral kills)
  Khufu (Crypt:2)
  the Lernaean hydra (Swamp:4)
  A deep elf blademaster (Elf:3)
  2 deep elf sorcerers (Elf:3)
  An emperor scorpion (Spider:4)
  3 ghost moths (Spider:4)
  A stone giant (Vaults:4)
  3 deep elf annihilators (Elf:3)
  An ettin (D:12)
  A deep elf high priest (Elf:3)
  A fire dragon (D:15)
  A dancing weapon (Elf:3)
  A small abomination (Elf:3)
  An iron troll (Vaults:4)
  A skeletal warrior (Crypt:2)
  A swamp dragon (Swamp:4)
  A hill giant (D:13)
  5 orb spiders
  2 hornets (Spider:4)
  3 wolf spiders (Spider:4)
  4 oklob plants (Zig:12)
  2 ugly things (D:14)
  A centaur skeleton (D:13)
  A demonic crawler (Spider:4)
  A jumping spider (Spider:4)
  6 redbacks
  A tarantella (Spider:4)
  A swamp drake (Swamp:4)
  A giant frog (D:14)
  A crimson imp (D:13)
  A crawling corpse (Elf:3)
  A plant (Zig:12)
53 creatures vanquished.

Vanquished Creatures (others)
  A sphinx (Depths:4)
  A tengu reaver (Depths:3)
  A draconian scorcher (Zot:2)
  2 ghost moths
  2 stone giants
  A mottled draconian (Zot:2)
  A yaktaur captain (Depths:3)
  2 centaur warriors (Depths:2)
  A hell hog (Hell)
  A naga sharpshooter (Zig:8)
  A deep elf archer (Depths:2)
  A shadow dragon zombie (Crypt:3)
  A hill giant (Zig:14)
  An ironbrand convoker (Vaults:5)
  A deep elf mage (Elf:3)
  3 cyclopes
  6 yaktaurs
  A polar bear (Vaults:3)
  2 giant leeches
  An ushabti (Zig:9)
  A tarantella (Spider:1)
  A spriggan (Swamp:4)
  2 orc warriors (Elf:3)
  A swamp drake (Zig:13)
  A wasp (Swamp:1)
  4 centaurs
  An orc wizard (Elf:3)
  2 sheep (Vaults:2)
  6 orcs
  A fire vortex (Vaults:4)
  2 fungi (Lair:8)
  2 lost souls
  7 plants
  8 spectral weapons
  6 starspawn tentacles (Abyss:3)
  10 withered plants (Crypt:3)
86 creatures vanquished.

Grand Total: 2884 creatures vanquished

Notes
Turn   | Place    | Note
--------------------------------------------------------------
     0 | D:1      | M4edhros the Minotaur Berserker began the quest for the Orb.
     0 | D:1      | Reached XP level 1. HP: 19/19 MP: 0/0
    61 | D:2      | Reached XP level 2. HP: 17/26 MP: 1/1
   293 | D:4      | Reached skill level 5 in Axes
   294 | D:4      | Reached XP level 3. HP: 31/31 MP: 2/2
   407 | D:4      | Noticed a phantom
   417 | D:4      | Killed a phantom
   417 | D:4      | Reached XP level 4. HP: 39/39 MP: 3/3
   417 | D:4      | Reached XP level 5. HP: 45/45 MP: 4/4
   521 | D:5      | Entered Level 5 of the Dungeon
   567 | D:5      | Noticed Eustachio
   594 | D:5      | Killed Eustachio
   594 | D:5      | Reached XP level 6. HP: 16/51 MP: 5/5
   653 | D:5      | Found a glowing drain.
   658 | Sewer    | Entered a sewer
   735 | Sewer    | Reached ** piety under Trog
  1043 | D:5      | Reached XP level 7. HP: 24/57 MP: 6/6
  1108 | D:6      | Reached skill level 10 in Axes
  1143 | D:6      | Found a radiant altar of Vehumet.
  1348 | D:7      | Gained mutation: You tend to lose your temper in combat. [mutagenic meat]
  1349 | D:7      | Noticed Joseph
  1389 | D:7      | Killed Joseph
  1389 | D:7      | Reached XP level 8. HP: 48/64 MP: 7/7
  1408 | D:7      | Found a bloodstained altar of Trog.
  1425 | D:8      | Found a blossoming altar of Fedhas.
  1436 | D:8      | Found Tystrya's Antique Weapon Boutique.
  1713 | D:9      | Reached *** piety under Trog
  1731 | D:10     | Entered Level 10 of the Dungeon
  1787 | D:10     | Noticed a deep elf mage
  1788 | D:10     | Noticed a wizard
  1810 | D:10     | Killed a deep elf mage
  1810 | D:10     | Reached XP level 9. HP: 34/70 MP: 8/8
  1841 | D:10     | Identified the Papyrus of Plaster Cramp
  1848 | D:10     | Identified Wutwuf's Almanac of Dhcmrlchtdj
  1928 | D:10     | Reached skill level 15 in Axes
  2072 | D:10     | Noticed a deep elf mage
  2080 | D:10     | Killed a deep elf mage
  2104 | D:10     | Identified Ts'ui Pên's Handbook of Forking Paths
  2141 | D:11     | Killed an unseen horror
  2141 | D:11     | Reached skill level 5 in Fighting
  2146 | D:11     | Reached XP level 10. HP: 83/83 MP: 9/9
  2147 | D:11     | Reached skill level 5 in Dodging
  2215 | D:11     | Reached skill level 5 in Armour
  2248 | D:11     | Found a staircase to the Lair.
  2254 | D:11     | Noticed a gargoyle
  2425 | D:11     | Found Edaceh's Gadget Shop.
  2436 | D:11     | Reached **** piety under Trog
  2658 | D:11     | Noticed a rust devil
  2697 | D:11     | Reached XP level 11. HP: 97/97 MP: 10/10
  2820 | D:12     | Found a runed door.
  2820 | D:12     | Noticed a yaktaur captain
  2821 | D:12     | Noticed a stone giant
  2822 | D:12     | Noticed an ettin
  2828 | D:12     | Killed an ettin
  2899 | D:12     | Killed a yaktaur captain
  2940 | D:12     | Noticed Harold
  2968 | D:12     | Killed Harold
  2968 | D:12     | Reached skill level 10 in Fighting
  3020 | D:12     | Noticed a deep elf mage
  3034 | D:12     | Killed a deep elf mage
  3162 | D:13     | Noticed a white ugly thing
  3177 | D:13     | Killed a white ugly thing
  3180 | D:13     | Noticed a hill giant
  3188 | D:13     | Killed a hill giant
  3188 | D:13     | Reached skill level 10 in Dodging
  3209 | D:13     | Gained mutation: You are robust (+10% HP). [mutagenic meat]
  3210 | D:13     | Gained mutation: You are partially covered in rugged brown scales (AC +1, +3% HP). [mutagenic meat]
  3211 | D:13     | Gained mutation: You have sharp toenails. [mutagenic meat]
  3217 | D:13     | Noticed a soul eater
  3218 | D:13     | Gained mutation: Your flesh is cold resistant. [mutagenic meat]
  3397 | D:14     | Noticed a deep elf mage
  3405 | D:14     | Killed a deep elf mage
  3409 | D:14     | Killed an unseen horror
  3409 | D:14     | Reached XP level 12. HP: 99/124 MP: 11/11
  3498 | D:14     | Reached ***** piety under Trog
  3573 | D:14     | Found a gate to the Vaults.
  3573 | D:14     | Noticed a vault guard
  3573 | D:14     | Noticed a vault guard
  3587 | D:14     | Killed a vault guard
  3589 | D:14     | Killed a vault guard
  3714 | D:14     | Found a snail-covered altar of Cheibriados.
  3829 | D:14     | Gained mutation: Scrolls take you a little longer to read. [mutagenic meat]
  3831 | D:14     | Gained mutation: You are partially covered in yellow scales (AC +2). [mutagenic meat]
  3835 | D:14     | Gained mutation: Your mind is acute. (Int +2) [mutagenic meat]
  3934 | D:15     | Entered Level 15 of the Dungeon
  3946 | D:15     | Noticed a fire dragon
  3955 | D:15     | Killed a fire dragon
  3959 | D:15     | Noticed a fire dragon
  3967 | D:15     | Killed a fire dragon
  3967 | D:15     | Reached XP level 13. HP: 63/137 MP: 12/12
  3975 | D:15     | Found a staircase to the Depths.
  4026 | D:14     | Noticed Josephine
  4094 | D:14     | Killed Josephine
  4331 | D:14     | Noticed Snorg
  4341 | D:14     | Killed Snorg
  4461 | D:15     | Received a gift from Trog
  4509 | D:15     | Reached skill level 10 in Armour
  4558 | D:15     | Identified a scroll of acquirement
  4665 | D:15     | Lost mutation: Scrolls take you a little longer to read. [mutagenic meat]
  4696 | D:15     | Noticed Agnes
  4705 | D:15     | Killed Agnes
  5024 | D:12     | Killed a stone giant
  5139 | Lair:1   | Entered Level 1 of the Lair of Beasts
  5631 | Lair:3   | Found a labyrinth entrance.
  5641 | Lab      | Entered a labyrinth
  5850 | Lab      | Noticed a minotaur
  5858 | Lab      | Killed a minotaur
  5871 | Lab      | Identified the Disquisition on Supportive Cold (You found it in a labyrinth)
  5881 | Lab      | Got a fine war axe
  5884 | Lab      | Identified the +6 war axe of Excruciating Pain {freeze, *Noise rElec rPois Stlth+} (You found it in a labyrinth)
  6005 | Lair:4   | Reached XP level 14. HP: 122/150 MP: 13/13
  6050 | Lair:5   | Reached skill level 15 in Fighting
  6093 | Lair:5   | Found a staircase to the Swamp.
  6124 | Lair:6   | Noticed Zebulonius's ghost (journeyman MiBe)
  6136 | Lair:6   | Received a gift from Trog
  6145 | Lair:6   | Killed Zebulonius's ghost
  6202 | Lair:6   | Found a staircase to the Slime Pits.
  6391 | Lair:7   | Received a gift from Trog
  6402 | Lair:7   | Got a smoking executioner's axe {god gift}
  6413 | Lair:7   | Identified the +10 executioner's axe of Starshine {vamp, +Fly rN++ Str-4} (Trog gifted it to you on level 7 of the Lair of Beasts)
  6468 | Lair:7   | Noticed BenSoosneb's ghost (journeyman MfGl)
  6687 | Lair:8   | Entered Level 8 of the Lair of Beasts
  6848 | Lair:8   | Got a bloodstained broad axe
  7057 | Lair:8   | Identified the +11 broad axe of Fyadacw {chop, rPois MR+ MP+9} (You found it on level 8 of the Lair of Beasts)
  7179 | Lair:8   | Received a gift from Trog
  7398 | Lair:5   | Found a hole to the Spider Nest.
  7424 | Swamp:1  | Entered Level 1 of the Swamp
  7523 | Swamp:2  | Reached XP level 15. HP: 80/162 MP: 14/14
  7584 | Swamp:2  | Reached skill level 1 in Shields
  7746 | Swamp:2  | Gained mutation: Your magical capacity is low (-10% MP). [mutagenic meat]
  7747 | Swamp:2  | Gained mutation: You are very robust (+20% HP). [mutagenic meat]
  7771 | Swamp:4  | Entered Level 4 of the Swamp
  7858 | Swamp:4  | Found a frozen archway.
  7874 | IceCv    | Entered an ice cave
  7895 | IceCv    | Reached skill level 5 in Shields
  8163 | Swamp:4  | Reached ****** piety under Trog
  8234 | Swamp:4  | Received a gift from Trog
  8243 | Swamp:4  | Lost mutation: You are very robust (+20% HP). [potion of mutation]
  8244 | Swamp:4  | Lost mutation: You are partially covered in rugged brown scales (AC +1, +3% HP). [potion of mutation]
  8244 | Swamp:4  | Gained mutation: Your flesh is heat resistant. [potion of mutation]
  8550 | Swamp:4  | Got a decaying rune of Zot
  8556 | Swamp:4  | Noticed the 27-headed Lernaean hydra
  8556 | Swamp:4  | Killed the 27-headed Lernaean hydra
  8580 | Swamp:3  | Noticed a thorn hunter
  8587 | Swamp:3  | Killed a thorn hunter
  8865 | Spider:1 | Entered Level 1 of the Spider Nest
  8872 | Spider:1 | Reached XP level 16. HP: 150/166 MP: 13/13
  8887 | Spider:1 | Reached skill level 10 in Shields
  9004 | Spider:2 | Received a gift from Trog
  9014 | Spider:2 | Got a translucent lajatang {god gift}
  9293 | Spider:3 | Received a gift from Trog
  9313 | Spider:3 | Identified the +11 lajatang "Sujanadeuz" {drain, Dex+3} (Trog gifted it to you on level 2 of the Spider Nest)
  9445 | Spider:3 | Lost mutation: You tend to lose your temper in combat. [helix card]
  9445 | Spider:3 | Lost mutation: Your flesh is cold resistant. [helix card]
  9447 | Spider:3 | Lost mutation: Your mind is acute. (Int +2) [helix card]
  9447 | Spider:3 | Gained mutation: You are partially covered in large bone plates (AC +2, SH +2). [helix card]
  9450 | Spider:3 | Drew Focus: Str increased to 23, Int decreased to 3
  9453 | Spider:3 | Hired Coass the naga for 168 gold.
  9454 | Spider:3 | Drew Focus: Str increased to 24, Int decreased to 2
  9592 | Spider:4 | Entered Level 4 of the Spider Nest
  9735 | Spider:4 | Received a gift from Trog
  9775 | Spider:4 | Noticed Arachne
  9788 | Spider:4 | Killed Arachne
 10057 | Spider:4 | Reached XP level 17. HP: 66/173 MP: 1/14
 10085 | Spider:4 | Gained mutation: You are resistant to electric shocks. [mutagenic meat]
 10091 | Spider:4 | Gained mutation: You passively map a small area around you. [mutagenic meat]
 10105 | Spider:4 | Gained mutation: Your magical capacity is very low (-20% MP). [mutagenic meat]
 10115 | Spider:4 | Lost mutation: You are robust (+10% HP). [mutagenic meat]
 10152 | Spider:4 | Got a gossamer rune of Zot
 10217 | Spider:3 | Received a gift from Trog
 10621 | D:11     | Bought a wand of heal wounds (3/9) for 588 gold pieces
 10980 | D:11     | Found a shattered altar of Ashenzari.
 11035 | D:12     | Noticed Psyche
 11040 | D:12     | Killed Psyche
 11407 | D:9      | Found a blossoming altar of Fedhas.
 12387 | D:10     | Found a staircase to the Orcish Mines.
 12395 | D:10     | Received a gift from Trog
 12397 | D:10     | Found a roughly hewn altar of Beogh.
 12450 | Orc:1    | Entered Level 1 of the Orcish Mines
 12450 | Orc:1    | Noticed Maurice
 12467 | Orc:1    | Killed Maurice
 12498 | Orc:2    | Entered Level 2 of the Orcish Mines
 12498 | Orc:2    | Found a staircase to the Elven Halls.
 12659 | Orc:2    | Found a burning altar of Makhleb.
 12763 | Orc:2    | Found Qaenoun's Magic Scroll Shop.
 12763 | Orc:2    | Found Zute's Distillery.
 12765 | Orc:2    | Received a gift from Trog
 12773 | Orc:2    | Found Munom's Assorted Antiques.
 12773 | Orc:2    | Found Cociru's Antique Armour Boutique.
 12796 | Orc:2    | Bought a scroll of identify for 32 gold pieces
 12796 | Orc:2    | Bought a scroll of enchant weapon for 120 gold pieces
 12796 | Orc:2    | Bought a scroll of identify for 32 gold pieces
 12796 | Orc:2    | Bought a scroll of teleportation for 48 gold pieces
 12802 | Orc:2    | Bought a potion of curing for 36 gold pieces
 12802 | Orc:2    | Bought a potion of heal wounds for 60 gold pieces
 12802 | Orc:2    | Bought a potion of beneficial mutation for 420 gold pieces
 12802 | Orc:2    | Gained mutation: Your mind is acute. (Int +2) [potion of beneficial mutation]
 12832 | Orc:2    | Gained mutation: You expend magic power (3 MP) to strengthen your wands. [a neqoxec]
 12873 | Elf:1    | Entered Level 1 of the Elven Halls
 13085 | Elf:3    | Entered Level 3 of the Elven Halls
 13128 | Elf:3    | Found Jeham's Distillery.
 13128 | Elf:3    | Noticed Nikola
 13140 | Elf:3    | Killed Nikola
 13140 | Elf:3    | Reached skill level 15 in Shields
 13155 | Elf:3    | Bought a potion of agility for 52 gold pieces
 13155 | Elf:3    | Bought a potion of might for 52 gold pieces
 13155 | Elf:3    | Bought a potion of haste for 130 gold pieces
 13179 | Elf:3    | Upgraded the game from 0.18.1-6-gd335043 to 0.18.1-8-gdd0e5ea
 13329 | Elf:3    | Noticed Saint Roka
 13342 | Elf:3    | Killed Saint Roka
 13434 | Elf:3    | Noticed a deep elf master archer
 13456 | Elf:3    | Noticed a deep elf blademaster
 13465 | Elf:3    | Killed a deep elf blademaster
 13482 | Elf:3    | Cast into level 3 of the Abyss (a deep elf sorcerer)
 13511 | Abyss:3  | Lost mutation: You have sharp toenails. [mutagenic meat]
 13512 | Abyss:3  | Lost mutation: Your magical capacity is very low (-20% MP). [mutagenic meat]
 13567 | Abyss:3  | Received a gift from Trog
 13589 | Abyss:3  | Gained mutation: You are resistant to hostile enchantments. [mutagenic meat]
 13624 | Abyss:3  | Gained mutation: Your magical capacity is very low (-20% MP). [mutagenic meat]
 13633 | Abyss:3  | Got an abyssal rune of Zot
 13651 | Abyss:3  | Gained mutation: Armour fits poorly on your strangely shaped body. [mutagenic meat]
 13652 | Abyss:3  | Lost mutation: Your mind is acute. (Int +2) [mutagenic meat]
 13653 | Abyss:3  | Gained mutation: Your natural rate of healing is unusually fast. [mutagenic meat]
 13662 | Abyss:3  | Reached XP level 18. HP: 166/166 MP: 13/13
 13781 | Abyss:3  | Lost mutation: Your magical capacity is very low (-20% MP). [potion of mutation]
 13781 | Abyss:3  | Gained mutation: You are weak. (Str -2) [potion of mutation]
 13785 | Elf:3    | Escaped the Abyss
 13789 | Elf:3    | Noticed Mara
 13791 | Elf:3    | Noticed a Brimstone Fiend
 13810 | Elf:3    | Noticed M4edhros's illusion
 13810 | Elf:3    | Killed Mara
 13810 | Elf:3    | Received a gift from Trog
 13884 | Elf:3    | Got a clouded pewter ring
 13886 | Elf:3    | Identified the ring "Aress" {rCorr Str+3 Dex+3} (You took it off a deep elf high priest on level 3 of the Elven Halls)
 14060 | Elf:3    | Reached skill level 1 in Short Blades
 14063 | Elf:3    | Identified Leacexi's Incunabulum of Clay and Beguiling
 14227 | Elf:3    | found armour of ponderousness, i think im going for chei
 14227 | Elf:3    | and some casting
 14299 | Elf:3    | Got an ichor-stained leather armour
 14300 | Elf:3    | Identified the cursed +1 leather armour of Ybrasakue {+Inv rElec} (You found it on level 3 of the Elven Halls)
 14308 | Elf:3    | Identified a +4 rod of clouds (13/13) (You found it on level 3 of the Elven Halls)
 14313 | Elf:3    | Got an ancient battleaxe
 14314 | Elf:3    | Identified the +7 battleaxe "Cesa" {drain, SInv} (You found it on level 3 of the Elven Halls)
 14317 | Elf:3    | Identified Sif Muna's Almanac of the Escort and Fire
 14350 | Elf:3    | Lost mutation: You are weak. (Str -2) [mutagenic meat]
 14414 | Elf:3    | Was placed under penance by Trog
 14418 | Elf:3    | Learned a level 3 spell: Spectral Weapon
 14424 | Elf:3    | Learned a level 5 spell: Aura of Abjuration
 14430 | Elf:3    | Learned a level 5 spell: Summon Forest
 14766 | D:14     | Fell from the grace of Trog
 14766 | D:14     | Became a worshipper of Cheibriados the Contemplative
 14796 | Vaults:1 | Entered Level 1 of the Vaults
 14818 | Vaults:1 | Reached skill level 1 in Invocations
 14828 | Vaults:1 | Gained mutation: Your muscles are strong. (Str +2) [mutagenic meat]
 14829 | Vaults:1 | Gained mutation: You possess an exceptional clarity of mind. [mutagenic meat]
 14830 | Vaults:1 | Lost mutation: You possess an exceptional clarity of mind. [mutagenic meat]
 14831 | Vaults:1 | Gained mutation: You have very sharp teeth. [mutagenic meat]
 14993 | Vaults:1 | Gained mutation: You have a pair of large horns on your head. [mutagenic meat]
 14995 | Vaults:1 | Lost mutation: Your magical capacity is low (-10% MP). [mutagenic meat]
 15033 | Vaults:2 | Reached * piety under Cheibriados
 15082 | Vaults:2 | Lost mutation: You have a pair of large horns on your head. [mutagenic meat]
 15085 | Vaults:2 | Gained mutation: Scrolls take you a little longer to read. [mutagenic meat]
 15086 | Vaults:2 | Gained mutation: You have large cloven feet. [mutagenic meat]
 15087 | Vaults:2 | Lost mutation: Your muscles are strong. (Str +2) [mutagenic meat]
 15155 | Vaults:1 | Reached skill level 1 in Charms
 15273 | Vaults:1 | Lost mutation: Scrolls take you a little longer to read. [mutagenic meat]
 15278 | Vaults:1 | Lost mutation: Your natural rate of healing is unusually fast. [mutagenic meat]
 15279 | Vaults:1 | Gained mutation: You are robust (+10% HP). [mutagenic meat]
 15280 | Vaults:1 | Gained mutation: Your spells are a little harder to cast, but a little more powerful. [mutagenic meat]
 15281 | Vaults:1 | Lost mutation: You expend magic power (3 MP) to strengthen your wands. [mutagenic meat]
 15284 | Vaults:1 | Lost mutation: Armour fits poorly on your strangely shaped body. [mutagenic meat]
 15285 | Vaults:1 | Lost mutation: You have large cloven feet. [mutagenic meat]
 15288 | Vaults:1 | Gained mutation: You are very robust (+20% HP). [mutagenic meat]
 15370 | Vaults:1 | Reached ** piety under Cheibriados
 15377 | Vaults:1 | Gained mutation: You tend to lose your temper in combat. [mutagenic meat]
 15378 | Vaults:1 | Lost mutation: Your flesh is heat resistant. [mutagenic meat]
 15379 | Vaults:1 | Lost mutation: You tend to lose your temper in combat. [mutagenic meat]
 15476 | Vaults:1 | Reached XP level 19. HP: 157/206 MP: 21/21
 15519 | Vaults:1 | Reached skill level 5 in Invocations
 15625 | Vaults:3 | Reached *** piety under Cheibriados
 15638 | Vaults:3 | Gained mutation: Your mind is acute. (Int +2) [mutagenic meat]
 15640 | Vaults:3 | Gained mutation: You can translocate small distances at will. [mutagenic meat]
 15799 | Vaults:3 | Reached **** piety under Cheibriados
 15815 | Vaults:3 | Gained mutation: You evolve. [mutagenic meat]
 15816 | Vaults:3 | Gained mutation: You have a pair of large horns on your head. [mutagenic meat]
 15994 | Vaults:4 | Noticed Mennas
 16004 | Vaults:4 | Noticed Frederick
 16011 | Vaults:4 | Killed Mennas
 16012 | Vaults:4 | Noticed Margery
 16017 | Vaults:4 | Killed Frederick
 16017 | Vaults:4 | Reached skill level 5 in Charms
 16020 | Vaults:4 | Killed Margery
 16036 | Vaults:4 | Reached ***** piety under Cheibriados
 16057 | Vaults:4 | Lost mutation: You are partially covered in large bone plates (AC +2, SH +2). [mutagenic meat]
 16059 | Vaults:4 | Lost mutation: Your spells are a little harder to cast, but a little more powerful. [mutagenic meat]
 16087 | Vaults:4 | HP: 5/206 [iron troll[the rage of Trog] (30)]
 16322 | Vaults:4 | Lost mutation: Your mind is acute. (Int +2) [evolution]
 16444 | Vaults:4 | Found Matwom's Food Emporium.
 16968 | D:10     | Paralysed by Trog for 2 turns
 17390 | Vaults:1 | Lost mutation: You are resistant to electric shocks. [mutagenic meat]
 17398 | Vaults:1 | Gained mutation: Armour fits poorly on your strangely shaped body. [mutagenic meat]
 17403 | Vaults:1 | Gained mutation: You are dopey. (Int -2) [mutagenic meat]
 17404 | Vaults:1 | Gained mutation: You are partially covered in molten scales (AC +1). [mutagenic meat]
 17409 | Vaults:1 | Lost mutation: Armour fits poorly on your strangely shaped body. [mutagenic meat]
 17411 | Vaults:1 | Gained mutation: Potions and wands are less effective at restoring your health. [mutagenic meat]
 17525 | Vaults:2 | Found a staircase to the Crypt.
 17533 | Vaults:2 | Reached skill level 1 in Spellcasting
 17540 | Vaults:2 | Reached XP level 20. HP: 179/216 MP: 24/24
 17561 | Vaults:2 | Learned a level 6 spell: Statue Form
 17571 | Crypt:1  | Entered Level 1 of the Crypt
 17662 | Crypt:1  | Noticed pedritolo's ghost (adept MiBe)
 17704 | Crypt:1  | Killed pedritolo's ghost
 18233 | Crypt:2  | Noticed a greater mummy
 18244 | Crypt:2  | Killed a greater mummy
 18249 | Crypt:2  | Paralysed by something for 3 turns
 18900 | Crypt:3  | Entered Level 3 of the Crypt
 18902 | Crypt:3  | Got a fine plate armour
 18913 | Crypt:3  | Identified the +5 plate armour "Weshum" {rF+ rN+ rCorr Str+3} (You acquired it on level 3 of the Crypt)
 18973 | Crypt:3  | Found a basalt altar of Yredelemnul.
 19091 | Crypt:3  | Learned a level 3 spell: Regeneration
 19096 | Crypt:3  | Learned a level 4 spell: Animate Dead
 19117 | Crypt:3  | Noticed a profane servitor
 19127 | Crypt:3  | Killed a profane servitor
 19127 | Crypt:3  | Reached skill level 1 in Necromancy
 19149 | Crypt:3  | ring of shaolin, nice nice
 19204 | Crypt:3  | Noticed a bone dragon
 19358 | Crypt:3  | Reached skill level 1 in Air Magic
 19390 | Crypt:3  | Reached skill level 1 in Transmutations
 19403 | Crypt:3  | Reached skill level 1 in Earth Magic
 19408 | Crypt:3  | Noticed a greater mummy
 19424 | Crypt:3  | Killed a greater mummy
 19453 | Crypt:3  | Found a staircase to the Tomb.
 19500 | Crypt:3  | Was forgiven by Trog
 19866 | Crypt:2  | Noticed a greater mummy
 19868 | Crypt:2  | Noticed Khufu
 19878 | Crypt:2  | Killed a greater mummy
 19980 | Crypt:2  | Killed Khufu
 19980 | Crypt:2  | Reached XP level 21. HP: 35/225 MP: 5/26
 19995 | Crypt:2  | Found a deep blue altar of Sif Muna.
 20144 | Vaults:2 | Lost mutation: Potions and wands are less effective at restoring your health. [mutagenic meat]
 20164 | Vaults:2 | Gained mutation: You are mostly covered in yellow scales (AC +3). [mutagenic meat]
 20183 | Vaults:2 | Lost mutation: You are mostly covered in yellow scales (AC +3). [mutagenic meat]
 20336 | Vaults:2 | Reached skill level 5 in Necromancy
 20547 | Vaults:3 | Paralysed by a giant eyeball for 3 turns
 20672 | Vaults:3 | Reached ****** piety under Cheibriados
 20846 | Vaults:3 | Got a transparent ring mail
 20847 | Vaults:3 | Identified the cursed +1 ring mail "Deycvegue" {*Corrode rF+ rC- rN+++} (You found it on level 3 of the Vaults)
 21012 | Vaults:4 | Found Nuus's Book Shoppe.
 21335 | Vaults:4 | Gained mutation: Your skin changes colour to match your surroundings (Stealth). [mutagenic meat]
 21395 | Vaults:4 | Found Heaqezoc's Magic Scroll Boutique.
 21403 | Vaults:4 | Bought a scroll of vulnerability for 105 gold pieces
 21403 | Vaults:4 | Bought a scroll of enchant armour for 105 gold pieces
 21403 | Vaults:4 | Bought a scroll of immolation for 49 gold pieces
 21403 | Vaults:4 | Bought a scroll of summoning for 133 gold pieces
 21433 | Vaults:5 | Entered Level 5 of the Vaults
 21438 | Vaults:5 | Reached skill level 10 in Necromancy
 21449 | Vaults:5 | Reached XP level 22. HP: 215/234 MP: 21/27
 21453 | Vaults:5 | Reached skill level 5 in Air Magic
 21554 | Vaults:5 | Noticed a golden dragon
 21567 | Vaults:5 | Killed a golden dragon
 21567 | Vaults:5 | Reached skill level 5 in Transmutations
 21567 | Vaults:5 | Reached skill level 5 in Earth Magic
 21667 | Vaults:5 | Got a pair of warped boots
 21678 | Vaults:5 | Identified the +2 pair of boots "Veduengu" {rPois rF- MR++ Regen+} (You found it on level 5 of the Vaults)
 21713 | Vaults:5 | Noticed an ancient lich
 21760 | Vaults:5 | Got a silver rune of Zot
 22009 | Vaults:5 | Noticed an ancient lich
 22019 | Vaults:5 | Killed an ancient lich
 22192 | Vaults:5 | Found Suopavy's Magic Scroll Boutique.
 22197 | Vaults:5 | Bought 2 scrolls of identify for 92 gold pieces
 22197 | Vaults:5 | Bought a scroll of identify for 46 gold pieces
 22197 | Vaults:5 | Bought a scroll of enchant armour for 172 gold pieces
 22197 | Vaults:5 | Bought a scroll of enchant armour for 172 gold pieces
 22197 | Vaults:5 | Bought a scroll of remove curse for 69 gold pieces
 22389 | Vaults:5 | Lost mutation: You passively map a small area around you. [mutagenic meat]
 22772 | Depths:1 | Entered Level 1 of the Depths
 22815 | Depths:1 | Found a one-way gate to the infinite horrors of the Abyss.
 22820 | Depths:1 | Noticed Jorgrun
 22829 | Depths:1 | Killed Jorgrun
 22849 | Depths:1 | Lost mutation: Your skin changes colour to match your surroundings (Stealth). [mutagenic meat]
 22850 | Depths:1 | Lost mutation: You are dopey. (Int -2) [mutagenic meat]
 22851 | Depths:1 | Gained mutation: You are partially covered in thin metallic scales (AC +2). [mutagenic meat]
 22852 | Depths:1 | Lost mutation: You are resistant to hostile enchantments. [mutagenic meat]
 22857 | Depths:1 | Gained mutation: Your natural rate of healing is unusually fast. [mutagenic meat]
 22862 | Depths:1 | Gained mutation: You possess an exceptional clarity of mind. [mutagenic meat]
 22863 | Depths:1 | Gained mutation: Your spells are a little harder to cast, but a little more powerful. [mutagenic meat]
 22896 | Depths:1 | Noticed Sojobo
 22908 | Depths:1 | Killed Sojobo
 22908 | Depths:1 | Reached XP level 23. HP: 242/242 MP: 28/28
 22994 | Depths:1 | Reached skill level 1 in Hexes
 23374 | Depths:2 | Lost mutation: You possess an exceptional clarity of mind. [mutagenic meat]
 23375 | Depths:2 | Lost mutation: You have a pair of large horns on your head. [mutagenic meat]
 23381 | Depths:2 | Gained mutation: You are agile. (Dex +2) [mutagenic meat]
 23384 | Depths:2 | Lost mutation: You are partially covered in thin metallic scales (AC +2). [mutagenic meat]
 23385 | Depths:2 | Gained mutation: Your mind is acute. (Int +2) [mutagenic meat]
 23386 | Depths:2 | Gained mutation: You are extremely robust (+30% HP). [mutagenic meat]
 23390 | Depths:2 | Lost mutation: You are agile. (Dex +2) [mutagenic meat]
 23393 | Depths:2 | Lost mutation: Your spells are a little harder to cast, but a little more powerful. [mutagenic meat]
 23440 | Depths:2 | Found a gateway to Hell.
 23821 | D:14     | Lost mutation: Your mind is acute. (Int +2) [evolution]
 24070 | Depths:2 | Lost mutation: You evolve. [mutagenic meat]
 24072 | Depths:2 | Lost mutation: You can translocate small distances at will. [mutagenic meat]
 24073 | Depths:2 | Gained mutation: You can translocate small distances at will. [mutagenic meat]
 24074 | Depths:2 | Gained mutation: You evolve. [mutagenic meat]
 24082 | Depths:2 | Gained mutation: Your muscles are strong. (Str +2) [mutagenic meat]
 24083 | Depths:2 | Gained mutation: You heal very quickly. [mutagenic meat]
 24313 | Depths:2 | Lost mutation: You heal very quickly. [mutagenic meat]
 24314 | Depths:2 | Gained mutation: You rapidly evolve. [mutagenic meat]
 24317 | Depths:2 | Lost mutation: You are extremely robust (+30% HP). [mutagenic meat]
 24422 | Depths:2 | Got a faintly glowing leather armour
 24423 | Depths:2 | Identified the +2 leather armour of Resourcefulness {Str+4} (You took it off a deep elf sorcerer on level 2 of the Depths)
 24439 | Depths:2 | Identified the Volume of Enhancements and Companions
 24444 | Depths:2 | Learned a level 2 spell: Repel Missiles
 24627 | Depths:4 | Reached skill level 10 in Earth Magic
 24666 | Depths:4 | Reached skill level 10 in Transmutations
 24672 | Depths:4 | Noticed a caustic shrike
 24672 | Depths:4 | Noticed a caustic shrike
 24673 | Depths:4 | Noticed a caustic shrike
 24673 | Depths:4 | Noticed a caustic shrike
 24674 | Depths:4 | Killed a caustic shrike
 24674 | Depths:4 | Killed a caustic shrike
 24674 | Depths:4 | Killed a caustic shrike
 24674 | Depths:4 | Killed a caustic shrike
 24674 | Depths:4 | Reached skill level 10 in Air Magic
 24675 | Depths:4 | Noticed a caustic shrike
 24684 | Depths:4 | Killed a caustic shrike
 24734 | Depths:4 | Reached XP level 24. HP: 197/252 MP: 28/28
 24748 | Depths:4 | Gained mutation: You have large cloven feet. [mutagenic meat]
 24749 | Depths:4 | Lost mutation: You are very robust (+20% HP). [mutagenic meat]
 24927 | Hell     | Entered the Vestibule of Hell
 24927 | Hell     | Noticed Geryon
 25057 | Hell     | Noticed Murray
 25287 | Hell     | Killed Geryon
 25322 | Hell     | Found a gateway to the ashen valley of Gehenna.
 25398 | Depths:4 | Noticed a juggernaut
 25398 | Depths:4 | a titan changed into a juggernaut
 25405 | Depths:4 | a juggernaut changed into a titan
 25413 | Depths:4 | Gained mutation: Your flesh is cold resistant. [mutagenic meat]
 25414 | Depths:4 | Gained mutation: You occasionally shout uncontrollably at your foes. [mutagenic meat]
 25482 | Depths:4 | Lost mutation: Your muscles are strong. (Str +2) [mutagenic meat]
 25499 | Depths:4 | Lost mutation: You are robust (+10% HP). [mutagenic meat]
 25500 | Depths:4 | Lost mutation: Your flesh is cold resistant. [mutagenic meat]
 25501 | Depths:4 | Gained mutation: You have hoof-like feet. [mutagenic meat]
 25509 | Depths:4 | Lost mutation: You occasionally shout uncontrollably at your foes. [mutagenic meat]
 25577 | Depths:5 | Entered Level 5 of the Depths
 25687 | Depths:5 | Reached skill level 15 in Armour
 25767 | Depths:5 | Found a gate to the Realm of Zot.
 25808 | Depths:5 | Found Lisa's Magic Scroll Boutique.
 25811 | Depths:5 | Bought 3 scrolls of teleportation for 198 gold pieces
 25818 | Depths:5 | Found a gateway to a ziggurat.
 25835 | Zig:1    | Entered Level 1 of a ziggurat
 25886 | Zig:2    | Entered Level 2 of a ziggurat
 25905 | Zig:2    | Got a wavering copper ring
 25907 | Zig:2    | Identified the ring of Usameh {rC+ MR+ SInv} (You found it on level 2 of a ziggurat)
 25919 | Zig:3    | Entered Level 3 of a ziggurat
 25970 | Zig:3    | Got a dazzling shield
 25981 | Zig:3    | Identified the +2 shield of the Buccaneer {Slay+3} (You acquired it on level 3 of a ziggurat)
 25991 | Zig:4    | Entered Level 4 of a ziggurat
 26026 | Zig:5    | Entered Level 5 of a ziggurat
 26041 | Zig:5    | Reached XP level 25. HP: 181/216 MP: 28/28
 26055 | Zig:5    | Got a brightly glowing iron amulet
 26056 | Zig:5    | Identified the amulet "Vegeos Itiu" {rElec Regen+ Str+4} (You found it on level 5 of a ziggurat)
 26086 | Zig:6    | Entered Level 6 of a ziggurat
 26124 | Zig:6    | Gained mutation: Armour fits poorly on your strangely shaped body. [mutagenic meat]
 26126 | Zig:6    | Gained mutation: You possess an exceptional clarity of mind. [mutagenic meat]
 26127 | Zig:6    | Lost mutation: Your natural rate of healing is unusually fast. [mutagenic meat]
 26148 | Zig:6    | Reached XP level 26. HP: 224/224 MP: 28/28
 26163 | Zig:7    | Entered Level 7 of a ziggurat
 26235 | Zig:8    | Entered Level 8 of a ziggurat
 26235 | Zig:8    | Noticed IjonTichy1's ghost (legendary OpBe)
 26252 | Zig:8    | Killed IjonTichy1's ghost
 26279 | Zig:8    | Gained mutation: You are agile. (Dex +2) [evolution]
 26295 | Zig:8    | Reached XP level 27. HP: 231/231 MP: 28/28
 26301 | Zig:8    | Got a brightly glowing jade amulet
 26302 | Zig:8    | Identified the amulet "Laukooh" {Harm *Drain Fragile MP+9 Stlth+} (You found it on level 8 of a ziggurat)
 26323 | Zig:9    | Entered Level 9 of a ziggurat
 26404 | Zig:10   | Entered Level 10 of a ziggurat
 26441 | Zig:10   | Got a translucent turquoise ring
 26442 | Zig:10   | Identified the ring "Musiaf" {rPois rF+} (You found it on level 10 of a ziggurat)
 26494 | Zig:11   | Entered Level 11 of a ziggurat
 26566 | Zig:11   | Lost mutation: You are partially covered in molten scales (AC +1). [mutagenic meat]
 26567 | Zig:11   | Gained mutation: You are partially covered in thin metallic scales (AC +2). [mutagenic meat]
 26612 | Zig:12   | Entered Level 12 of a ziggurat
 26809 | Zig:12   | Identified the Handbook of the Glacial Arsonist
 26828 | Zig:13   | Entered Level 13 of a ziggurat
 26846 | Zig:13   | Reached skill level 15 in Transmutations
 26893 | Zig:13   | Identified a +4 rod of inaccuracy (13/13) (You found it on level 13 of a ziggurat)
 26898 | Zig:13   | nice
 26899 | Zig:13   | but shield better
 26913 | Zig:14   | Entered Level 14 of a ziggurat
 26920 | Zig:14   | Noticed a juggernaut
 26931 | Zig:14   | Noticed a juggernaut
 26931 | Zig:14   | Killed a juggernaut
 26951 | Depths:5 | Killed a juggernaut
 26951 | Depths:5 | Reached skill level 1 in Evocations
 27003 | Zot:1    | Entered Level 1 of the Realm of Zot
 27410 | Zot:2    | Reached skill level 5 in Evocations
 27987 | Zot:5    | Entered Level 5 of the Realm of Zot
 27992 | Zot:5    | Reached skill level 1 in Summonings
 28005 | Zot:5    | Noticed an orb of fire
 28008 | Zot:5    | Lost mutation: You are agile. (Dex +2) [an orb of fire]
 28019 | Zot:5    | Killed an orb of fire
 28019 | Zot:5    | Reached skill level 1 in Translocations
 28108 | Zot:5    | Found a shadowy altar of Dithmenos.
 28175 | Zot:5    | Gained mutation: Your natural rate of healing is unusually fast. [mutagenic meat]
 28207 | Zot:5    | Noticed an orb of fire
 28211 | Zot:5    | Gained mutation: You are frail (-10% HP). [an orb of fire]
 28212 | Zot:5    | Killed an orb of fire
 28236 | Zot:5    | Noticed an orb of fire
 28283 | Zot:5    | Noticed an orb of fire
 28286 | Zot:5    | HP: 4/280 [orb of fire/fireball (67)]
 28298 | Zot:5    | Noticed an ancient lich
 28300 | Zot:5    | Gained mutation: You have supernaturally acute eyesight. [evolution]
 28306 | Zot:5    | Killed an ancient lich
 28487 | Zot:5    | Gained mutation: Your body sometimes deteriorates upon taking damage. [an orb of fire]
 28497 | Zot:5    | Killed an orb of fire
 28530 | Zot:5    | Noticed an orb of fire
 28535 | Zot:5    | Gained mutation: Your body often deteriorates upon taking damage. [an orb of fire]
 28538 | Zot:5    | Gained mutation: You tend to lose your temper in combat. [an orb of fire]
 28542 | Zot:5    | Noticed an orb of fire
 28544 | Zot:5    | Lost mutation: Your natural rate of healing is unusually fast. [an orb of fire]
 29815 | Slime:1  | Entered Level 1 of the Pits of Slime
 29991 | Slime:4  | Reached skill level 10 in Evocations
 30040 | Slime:6  | Entered Level 6 of the Pits of Slime
 30054 | Slime:6  | Noticed the Royal Jelly
 30102 | Slime:6  | Killed the Royal Jelly
 30184 | Slime:6  | Identified the Reference Book on Beguiling (You found it on level 6 of the Pits of Slime)
 30248 | Slime:6  | Got a slimy rune of Zot
 30250 | Slime:6  | Identified the Guide on Aerial Envenoming (You found it on level 6 of the Pits of Slime)
 30259 | Slime:6  | Learned a level 6 spell: Deflect Missiles
 30281 | Slime:6  | Got a fine granite ring
 30282 | Slime:6  | Identified the ring of Yfaoka {rCorr +Blink} (You found it on level 6 of the Pits of Slime)
 31126 | Depths:2 | Lost mutation: You are partially covered in thin metallic scales (AC +2). [potion of mutation]
 31246 | Depths:3 | Lost mutation: You are frail (-10% HP). [mutagenic meat]
 31541 | Depths:3 | Found a one-way gate leading to the halls of Pandemonium.
 31648 | Depths:3 | Noticed Boris
 31660 | Depths:3 | Killed Boris
 31670 | Depths:3 | Lost mutation: You rapidly evolve. [mutagenic meat]
 31738 | Depths:3 | Reached skill level 5 in Translocations
 31753 | Depths:3 | Reached skill level 5 in Summonings
 32267 | Depths:3 | Lost mutation: You have supernaturally acute eyesight. [mutagenic meat]
 32321 | Depths:3 | Gained mutation: You occasionally shout uncontrollably at your foes. [mutagenic meat]
 32322 | Depths:3 | Gained mutation: Scrolls take you a little longer to read. [mutagenic meat]
 32324 | Depths:3 | Gained mutation: You are frail (-10% HP). [mutagenic meat]
 32326 | Depths:3 | Lost mutation: You have hoof-like feet. [mutagenic meat]
 32698 | Depths:4 | Reached skill level 15 in Earth Magic
 32710 | Depths:4 | Found a glowing golden altar of the Shining One.
 33302 | Depths:5 | Lost mutation: You occasionally shout uncontrollably at your foes. [mutagenic meat]
 33304 | Depths:5 | Lost mutation: Armour fits poorly on your strangely shaped body. [mutagenic meat]
 33813 | Depths:5 | Lost mutation: You tend to lose your temper in combat. [mutagenic meat]
 33817 | Depths:5 | Gained mutation: Your muscles are strong. (Str +2) [mutagenic meat]
 33818 | Depths:5 | Lost mutation: You have very sharp teeth. [mutagenic meat]
 33821 | Depths:5 | Gained mutation: You are mostly covered in yellow scales (AC +3). [mutagenic meat]
 35649 | Zot:3    | Lost mutation: Your muscles are strong. (Str +2) [mutagenic meat]
 35848 | Zot:3    | Gained mutation: You are resistant to hostile enchantments. [potion of beneficial mutation]
 36935 | Zot:4    | Got a brightly glowing fire dragon armour
 36946 | Zot:4    | Identified the +2 fire dragon armour of Ineeqess {rF++ rC- Dex+2 Stlth+} (You found it on level 4 of the Realm of Zot)
 37109 | Zot:5    | Gained mutation: You expend magic power (3 MP) to strengthen your wands. [an orb of fire]
 37110 | Zot:5    | Gained mutation: Your magical capacity is low (-10% MP). [an orb of fire]
 37120 | Zot:5    | Killed an orb of fire
 37408 | Depths:5 | Bought a scroll of identify for 44 gold pieces
 37408 | Depths:5 | Bought a scroll of identify for 44 gold pieces
 37408 | Depths:5 | Bought a scroll of identify for 44 gold pieces
 37940 | Pan      | Entered Pandemonium
 38234 | Pan      | Gained mutation: You are weak. (Str -2) [a neqoxec]
 38263 | Pan      | Paralysed by accursed screaming for 2 turns
 38271 | Pan      | Noticed Finekh the pandemonium lord
 38279 | Pan      | Killed Finekh the pandemonium lord
 38308 | Pan      | Noticed Qojokoun the pandemonium lord
 38309 | Pan      | HP: 8/228 [ynoxinul/iron shot (34)]
 38310 | Pan      | Killed from afar by a blizzard demon

Skill      XL: |  1  2  3  4  5  6  7  8  9 10 11 12 13 14 15 16 17 18 19 20 21 22 23 24 25 26 27 |
---------------+----------------------------------------------------------------------------------+-----
Axes           | 4 5 7 8 9 12 13 15 16 17 19 21 22 | 22.7
Fighting       | 5 9 11 13 14 16 22 | 22.2
Armour         | 3 6 8 9 10 12 13 15 16 17 | 17.6
Dodging        | 4 8 10 12 13 14 | 14.7
Shields        | 9 13 16 19 20 21 22 | 22.3
Short Blades   | 2 |  2.8
Invocations    | 4 7 |  7.5
Charms         | 2 6 8 |  8.6
Spellcasting   | 1 4 |  4.3
Necromancy     | 3 10 | 10.6
Air Magic      | 4 8 10 | 10.1
Transmutations | 3 8 10 12 13 15 | 15.6
Earth Magic    | 3 8 10 11 16 | 16.3
Hexes          | 2 |  2.6
Evocations     | 14 | 14.7
Summonings     | 7 |  7.4
Translocations | 7 |  7.3

Action                   |  1- 3 |  4- 6 |  7- 9 | 10-12 | 13-15 | 16-18 | 19-21 | 22-24 | 25-27 || total
-------------------------+-------+-------+-------+-------+-------+-------+-------+-------+-------++-------
Melee: Hand axe          |    21 |       |       |       |       |       |       |       |       ||    21
       Headbutt          |     5 |     4 |    32 |   107 |   231 |   285 |   366 |   401 |   636 ||  2067
       War axe           |     5 |   111 |   169 |   201 |   176 |       |       |       |       ||   662
       Battleaxe         |       |       |       |   159 |   155 |       |       |       |       ||   314
       Kick              |       |       |       |     6 |       |       |       |       |   140 ||   146
       Executioner's axe |       |       |       |       |   241 |       |   604 |   167 |       ||  1012
       Broad axe         |       |       |       |       |   310 |  1021 |   316 |   862 |  1757 ||  4266
       Bite              |       |       |       |       |       |    31 |   185 |   231 |   263 ||   710
 Cast: Regeneration      |       |       |       |       |       |       |    13 |    23 |    43 ||    79
       Animate Dead      |       |       |       |       |       |       |     1 |       |     3 ||     4
       Repel Missiles    |       |       |       |       |       |       |       |     1 |     2 ||     3
       Statue Form       |       |       |       |       |       |       |       |       |    17 ||    17
       Spectral Weapon   |       |       |       |       |       |       |       |       |    12 ||    12
Invok: Berserk           |     2 |     2 |     7 |    17 |    20 |    11 |       |       |       ||    59
       Trog's Hand       |       |       |     3 |     7 |    10 |     9 |       |       |       ||    29
       Brothers in Arms  |       |       |       |     4 |     3 |    10 |       |       |       ||    17
       Slouch            |       |       |       |       |       |       |    12 |    17 |    28 ||    57
       Temporal Distorti |       |       |       |       |       |       |     5 |     5 |     3 ||    13
 Abil: Blink             |       |       |       |       |       |       |     1 |       |       ||     1
Evoke: Wand              |       |       |     1 |     5 |       |     3 |     7 |       |    18 ||    34
       Box of beasts     |       |       |       |     2 |       |       |     4 |     1 |     1 ||     8
       Lamp of fire      |       |       |       |       |     1 |       |     2 |       |       ||     3
       Phantom mirror    |       |       |       |       |     1 |       |       |       |       ||     1
       Deck              |       |       |       |       |       |    11 |       |       |       ||    11
       Fan of gales      |       |       |       |       |       |       |     4 |       |     3 ||     7
       Phial of floods   |       |       |       |       |       |       |     3 |       |     4 ||     7
       Sack of spiders   |       |       |       |       |       |       |     1 |       |     2 ||     3
  Use: Potion            |     1 |     4 |     5 |     4 |     4 |     9 |    11 |     2 |    10 ||    50
       Scroll            |       |       |     4 |     8 |    21 |    16 |    17 |    22 |    29 ||   117
 Stab: Distracted        |       |       |       |       |     1 |     1 |     2 |     2 |     5 ||    11
       Confused          |       |       |       |       |     1 |       |       |       |     3 ||     4
       Held in net/web   |       |       |       |       |       |     1 |       |       |       ||     1
       Paralysed         |       |       |       |       |       |     1 |       |       |       ||     1
       Invisible         |       |       |       |       |       |     1 |       |       |       ||     1
  Eat: Chunk             |       |     4 |    12 |    35 |    44 |    77 |    48 |    64 |    64 ||   348
       Pizza             |       |     1 |       |       |       |     1 |       |     2 |     2 ||     6
       Royal jelly       |       |       |       |       |     1 |     3 |       |     1 |     3 ||     8
       Beef jerky        |       |       |       |       |     1 |     1 |     1 |     1 |       ||     4
       Meat ration       |       |       |       |       |     2 |     1 |     2 |     1 |     4 ||    10
Armor: Ring mail         |     2 |    63 |    25 |       |       |       |       |       |       ||    90
       Animal skin       |     1 |       |       |       |       |       |       |       |       ||     1
       Skin              |       |       |    16 |       |       |       |       |       |    64 ||    80
       Scale mail        |       |       |    52 |    87 |    30 |       |       |       |       ||   169
       Plate armour      |       |       |       |       |   453 |   294 |   298 |    88 |       ||  1133
       Fire dragon armou |       |       |       |       |       |       |       |    97 |   256 ||   353
Dodge: Dodged            |    27 |    61 |    75 |   279 |   766 |   344 |  1060 |  1084 |  1357 ||  5053
       Deflected         |       |       |       |       |       |       |       |     3 |    10 ||    13
Block: Large shield      |       |       |       |       |   293 |   958 |   282 |       |   191 ||  1724
       Shield            |       |       |       |       |       |       |       |  1208 |  1890 ||  3098
       Reflection        |       |       |       |       |       |       |       |    88 |   119 ||   207
